 Dungeon Sprint DCSS version 0.31-a0-1074-g0b22e4e0f1 (webtiles) character file.

Game seed: 14946426108365097154

12328 rocky1 the Warrior (level 11, -14/88 HPs)
             Began as a Gargoyle Fighter on Dec 3, 2023.
             Was a Believer of Ashenzari.
             Killed from afar by a merfolk aquamancer (53 damage)
             ... with a shard of ice
             ... in the Dungeon (Sprint VII: "The Pits").
             The game lasted 00:11:01 (4366 turns).

rocky1 the Warrior (Gargoyle Fighter)               Turns: 4366, Time: 00:11:02

Health: -14/88     AC: 32    Str: 25    XL:     11   Next: 91%
Magic:  11/11      EV: 15    Int:  9    God:    Ashenzari [**....]
Gold:   24         SH:  6    Dex: 10    Spells: 10/10 levels left

rFire   . . .        w - +2 morningstar (protect)
rCold   . . .        c - +0 buckler
rNeg    + . .        p - +3 scale mail of the Ensconced God {Fort, Melee} (curse)
rPois   ∞            (no helmet)
rElec   +            (no cloak)
rCorr   .            v - +0 pair of gloves of the Esoteric Lethargy {Alch, Cun} (curse)
SInv    +            (no boots)
Will    .....        y - amulet of regeneration
Stlth   ++           q - ring of the Esoteric Comet {EV+3, Bglg, Dev} (curse)
HPRegen 1.14/turn    z - +4 ring of protection
MPRegen 0.12/turn

%: no teleportation
@: engulfed, under a protective aura
A: sickness immunity, AC +8, negative energy resistance 1, electricity
resistance, torment resistance 1, petrification resistance, deterioration 1,
strong 1, subdued magic 1
a: Renounce Religion, Curse Item, Shatter the Chains


You were in the Dungeon.
You worshipped Ashenzari.
Ashenzari was pleased with you.
You visited 1 branch You collected 24 gold pieces.

Inventory:

Hand Weapons
 w - a +2 morningstar of protection (weapon)
Missiles
 a - 3 boomerangs (quivered)
 j - a throwing net
 o - 4 poisoned darts
Armour
 c - a +0 buckler (worn)
 p - the cursed +3 scale mail of the Ensconced God (worn) {Fort, Melee}
   (You found it in the Dungeon)

   It has a curse which improves the following skills: Fortitude: Armour and
   Shields.
   Melee Combat: Short Blades, Long Blades, Axes, Maces & Flails, Polearms,
   Staves and Unarmed Combat.
 v - the cursed +0 pair of gloves of the Esoteric Lethargy (worn) {Alch, Cun}
   (You found it in the Dungeon)

   It has a curse which improves the following skills: Alchemy: Poison Magic and
   Transmutations.
   Cunning:   Dodging and Stealth.
Jewellery
 g - a ring of willpower
 q - the cursed ring of the Esoteric Comet (left hand) {EV+3, Bglg, Dev}
   (You found it in the Dungeon)

   [ring of evasion]

   EV+3:      It affects your evasion (+3).
   It has a curse which improves the following skills: Beguiling: Conjurations,
   Hexes and Translocations.
   Devices:   Evocations and Shapeshifting.
 r - a +3 ring of protection
 u - a ring of ice
 y - an amulet of regeneration (around neck)
 z - a +4 ring of protection (right hand)
Talismans
 s - a beast talisman
Scrolls
 b - 2 scrolls of blinking
 i - 5 scrolls of enchant weapon
 l - 2 scrolls of vulnerability
 m - 5 scrolls of amnesia
 n - a scroll of butterflies
 A - a scroll of fog
 C - 3 scrolls of fear
 D - 4 scrolls of enchant armour
Potions
 d - 4 potions of might
 e - 12 potions of curing
 f - 5 potions of heal wounds
 h - 4 potions of magic
 k - a potion of invisibility
 t - a potion of brilliance
 x - a potion of attraction
 B - 3 potions of berserk rage


   Skills:
 * Level 18.5 Fighting
 + Level 18.3(19.3) Maces & Flails
 + Level 11.2(12.3) Armour
 + Level 5.7(6.8) Dodging
 + Level 4.8(5.9) Stealth
 + Level 11.0(12.1) Shields


You had 10 spell levels left.
You didn't know any spells.
Your spell library was empty.

Dungeon Overview and Level Annotations

Branches:
Dungeon (1/1)

Altars:
Ashenzari
Cheibriados
Dithmenos
Elyvilon
Fedhas
Gozag
Hepliaklqana
Kikubaaqudgha
Makhleb
Nemelex Xobeh
Okawaru
Qazlal
Ru
Sif Muna
Trog
Uskayaw
Vehumet
Wu Jian
Xom
Yredelemnul
Zin
The Shining One
Jiyva
Lugonu


Innate Abilities, Weirdness & Mutations

You are immune to sickness and miasma.
Your stone body is resilient. (AC +8)
You are immune to poison.
You resist negative energy. (rN+)
You are resistant to electric shocks. (rElec)
You are resistant to unholy torment.
You are immune to petrification.
Your body sometimes deteriorates upon taking damage.
Your muscles are strong. (Str +4, Int/Dex -1)
Your spells are a little easier to cast, but a little less powerful.


Message History

You barely miss the water elemental.
The water elemental is lightly damaged.
You block the water elemental's attack. You block the merfolk's attack.
You bludgeon the water elemental!!
The water elemental is almost destroyed.
The water elemental closely misses you.
You closely miss the merfolk aquamancer.
The merfolk aquamancer hits you but does no damage.
The merfolk misses you.
You completely miss the merfolk aquamancer.
The water elemental hits you.
The water elemental engulfs you in water!
The merfolk aquamancer closely misses you.
You block the merfolk's attack. The merfolk closely misses you.
You impale the merfolk aquamancer!!
The merfolk aquamancer is moderately wounded.
The water elemental hits you.
The merfolk aquamancer points at you and mumbles some strange words.
The torrent of water misses you.
The wave splashes down.
The merfolk barely misses you.
The merfolk hits you but does no damage.
You barely miss the merfolk aquamancer.
The merfolk aquamancer is moderately wounded.
The water elemental closely misses you.
You sock the merfolk aquamancer!
The merfolk aquamancer is heavily wounded.
You block the merfolk's attack.
The merfolk hits you from afar with a +0 trident.
The water elemental hits you.
The merfolk hits you but does no damage. x2
The merfolk aquamancer gestures at you while chanting.
The ball of steam hits you!!
You hit the merfolk.
The merfolk is lightly wounded.
You are engulfed in a cloud of scalding steam.
The water elemental misses you. The merfolk hits you with a +0 trident!
The merfolk aquamancer gestures at you while chanting.
The shard of ice hits you!!!
Ouch! That really hurt!
You die...

#++##########
#~~.mEm......
#~~..@m......
#~~##########
#..# { #..# ###
#..# ..# #..#
..# #..#{ ..#
#.)#
..##########..#


You could see a merfolk aquamancer, 2 merfolk and a water elemental.

Vanquished Creatures
  A rakshasa (D)
  A death yak (D)
  A sea snake (D)
  A large abomination (D)
  A swamp dragon (D)
  A bog body (D)
  A lindwurm (D)
  Pikel (D)
  2 orc knights (D)
  2 orc sorcerers (D)
  2 unseen horrors (D)
  2 gargoyles (D)
  A komodo dragon (D)
  A red devil (D)
  A troll (D)
  A hellwing (D)
  A hornet (D)
  A tarantella (D)
  3 glass eyes (D)
  A snapping turtle (D)
  A ynoxinul (D)
  A flying skull (D)
  A spriggan (D)
  A wraith (D)
  A steam dragon (D)
  6 yaks (D)
  2 basilisks (D)
  2 redbacks (D)
  2 neqoxecs (D)
  A warg (D)
  Menkaure (D)
  A water moccasin (D)
  Pargi (D)
  2 orc warriors (D)
  An ice beast (D)
  A black bear (D)
  A scorpion (D)
  2 small abominations (D)
  3 wights (D)
  2 crimson imps (D)
  A hound (D)
  3 hell rats (D)
  2 mummies (D)
  An adder (D)
  A river rat (D)
  An adder zombie (D)
  A worm (D)
  6 orcs (D)
  An endoplasm (D)
  A giant cockroach (D)
  2 goblins (D)
  3 jackals (D)
  A quokka (D)
  A bat (D)
  A kobold (D)
  A quokka skeleton (D)
  A quokka zombie (D)
87 creatures vanquished.

Notes
Turn   | Place    | Note
-------+----------+-------------------------------------------
     0 | D        | rocky1 the Gargoyle Fighter began the quest for the Orb.
     0 | D        | Reached XP level 1. HP: 14/14 MP: 1/1
    18 | D        | Found a bloodstained altar of Trog.
    18 | D        | Found a shimmering blue altar of Sif Muna.
    18 | D        | Found a viscous altar of Jiyva.
    18 | D        | Found a hazy altar of Hepliaklqana.
    18 | D        | Found an opulent altar of Gozag.
    19 | D        | Found a glowing golden altar of the Shining One.
    19 | D        | Found a glowing silver altar of Zin.
    19 | D        | Found a basalt altar of Yredelemnul.
    19 | D        | Found a shimmering altar of Xom.
    19 | D        | Found an ornate altar of the Wu Jian Council.
    19 | D        | Found a sacrificial altar of Ru.
    19 | D        | Found a stormy altar of Qazlal.
    19 | D        | Found an iron altar of Okawaru.
    19 | D        | Found a sparkling altar of Nemelex Xobeh.
    19 | D        | Found a burning altar of Makhleb.
    19 | D        | Found a blossoming altar of Fedhas.
    19 | D        | Found a white marble altar of Elyvilon.
    19 | D        | Found a shadowy altar of Dithmenos.
    19 | D        | Found a snail-covered altar of Cheibriados.
    22 | D        | Found a corrupted altar of Lugonu.
    22 | D        | Found a radiant altar of Vehumet.
    23 | D        | Found an ancient bone altar of Kikubaaqudgha.
    23 | D        | Found a hide-covered altar of Uskayaw.
    23 | D        | Found a broken altar of Ashenzari.
    32 | D        | Became a worshipper of Ashenzari the Shackled
    72 | D        | Noticed a scorpion
    87 | D        | Killed a scorpion
    88 | D        | Reached skill level 5 in Fighting
    88 | D        | Reached skill level 5 in Armour
    88 | D        | Reached skill level 5 in Shields
    88 | D        | Reached XP level 2. HP: 6/21 MP: 2/2
    88 | D        | Reached XP level 3. HP: 8/26 MP: 3/3
    88 | D        | Reached XP level 4. HP: 9/31 MP: 4/4
   437 | D        | Noticed a glass eye
   476 | D        | Killed a glass eye
   477 | D        | Reached XP level 5. HP: 39/39 MP: 5/5
   477 | D        | Reached XP level 6. HP: 44/44 MP: 6/6
   682 | D        | Noticed a flying skull
   682 | D        | Noticed a black bear
   683 | D        | Noticed a glass eye
   708 | D        | Killed a glass eye
   709 | D        | Reached skill level 10 in Maces & Flails
   709 | D        | Reached XP level 7. HP: 50/50 MP: 7/7
   712 | D        | Reached skill level 1 in Dodging
   739 | D        | Killed a flying skull
  1062 | D        | Noticed Pikel
  1067 | D        | Killed Pikel
  1068 | D        | Reached skill level 10 in Fighting
  1068 | D        | Reached XP level 8. HP: 48/57 MP: 8/8
  1095 | D        | Killed an unseen horror
  1097 | D        | Noticed Pargi
  1105 | D        | Killed Pargi
  1116 | D        | Reached XP level 9. HP: 35/63 MP: 9/9
  1683 | D        | Noticed Menkaure
  1683 | D        | Noticed a death yak
  1693 | D        | Killed a death yak
  1698 | D        | Killed Menkaure
  1856 | D        | Noticed an orc knight
  1856 | D        | Noticed an orc sorcerer
  1882 | D        | Noticed a hellwing
  1885 | D        | Paralysed by an orc sorcerer for 4 turns
  1891 | D        | Killed an orc sorcerer
  1893 | D        | Killed an orc knight
  1894 | D        | Reached skill level 15 in Maces & Flails
  1911 | D        | Reached XP level 10. HP: 21/72 MP: 10/10
  1919 | D        | Reached skill level 1 in Stealth
  2343 | D        | Reached * piety under Ashenzari
  2344 | D        | Noticed a gargoyle
  2346 | D        | Gained mutation: You expend magic power (3 MP) to
                  | strengthen your wands. [a neqoxec]
  2354 | D        | Gained mutation: You are clumsy. (Dex -2) [a neqoxec]
  2366 | D        | Killed a gargoyle
  2369 | D        | Lost mutation: You are clumsy. (Dex -2) [potion of
                  | mutation]
  2369 | D        | Lost mutation: You expend magic power (3 MP) to strengthen
                  | your wands. [potion of mutation]
  2369 | D        | Gained mutation: Your body sometimes deteriorates upon
                  | taking damage. [potion of mutation]
  2369 | D        | Gained mutation: Your muscles are strong. (Str +4, Int/Dex
                  | -1) [potion of mutation]
  2974 | D        | Noticed an orc sorcerer
  2976 | D        | Noticed an orc knight
  2992 | D        | Reached skill level 10 in Armour
  2994 | D        | Noticed a lindwurm
  3001 | D        | Noticed an orange demon
  3003 | D        | Killed an orc knight
  3005 | D        | Killed an orc sorcerer
  3012 | D        | Killed a lindwurm
  3013 | D        | Reached skill level 15 in Fighting
  3013 | D        | Reached XP level 11. HP: 81/81 MP: 11/11
  3236 | D        | Noticed a swamp dragon
  3240 | D        | Noticed a bog body
  3252 | D        | Killed a bog body
  3258 | D        | Reached skill level 5 in Dodging
  3267 | D        | Killed a swamp dragon
  3268 | D        | Reached skill level 10 in Shields
  3376 | D        | Reached ** piety under Ashenzari
  3379 | D        | Noticed a rakshasa
  3379 | D        | Noticed a sea snake
  3402 | D        | Killed a sea snake
  3412 | D        | Killed a rakshasa
  3737 | D        | Gained mutation: Your spells are a little easier to cast,
                  | but a little less powerful. [a neqoxec]
  3750 | D        | Noticed a spriggan rider
  4026 | D        | Noticed a large abomination
  4039 | D        | Killed a large abomination
  4352 | D        | Noticed a merfolk aquamancer
  4366 | D        | Killed from afar by a merfolk aquamancer

Illustrated notes

Levels and vault maps discovered:
D:        pitsprint [storerooms_1, entrance_room_1, metal_vault_2, armoury_2,
          mini_pit_1, grid_room_1, main_hall_1, silver_pit, the_coven_1,
          the_vestibule_1, steel_vault_5, golden_pit, hallway_of_sentries,
          crystal_vault_1, iron_vault_2, final_vault]

Skill      XL: |  1  2  3  4  5  6  7  8  9 10 11 |
---------------+----------------------------------+-----
Fighting       | 5 7 8 10 12 15 18 | 18.5
Maces & Flails | 3 8 10 12 13 15 17 18 | 18.3
Armour         | 5 6 8 9 10 11 | 11.2
Shields        | 5 6 7 8 9 11 | 11.0
Dodging        | 2 4 5 |  5.7
Stealth        | 4 |  4.8

Action                     |  1- 3 |  4- 6 |  7- 9 | 10-12 || total
---------------------------+-------+-------+-------+-------++-------
  Melee: Flail             |    15 |    81 |    89 |       ||   185
         Morningstar       |       |       |    47 |   266 ||   313
 Invoke: Curse Item        |       |     1 |       |     2 ||     3
    Use: Potion            |       |     1 |     7 |     4 ||    12
         Scroll            |       |       |     1 |       ||     1
   Stab: Invisible         |       |       |     1 |     3 ||     4
 Armour: Scale mail        |    12 |    41 |    88 |   146 ||   287
  Dodge: Dodged            |     9 |    30 |    48 |   127 ||   214
  Block: Buckler           |     2 |    15 |    29 |    71 ||   117

Table legend: (Time is in decaauts)
 A = Elapsed time spent in this place.
 B = Non-inter-level travel time spent in this place.
 C = Inter-level travel time spent in this place.
 D = Time resting spent in this place.
 E = Time spent auto-exploring this place.
 F = Levels seen in this place.
 G = Mean time per level.
                   A        B        C        D        E       F      G
               +--------+--------+--------+--------+--------+-----+--------+
         Total |   4290 |   4237 |     53 |   3117 |      0 |   1 | 4290.0 |
       Dungeon |   4290 |   4237 |     53 |   3117 |      0 |   1 | 4290.0 |
               +--------+--------+--------+--------+--------+-----+--------+

Top non-repeatable levels by time:
       D: 4290 daAuts
